 Dungeon Crawl Stone Soup version 0.24.0-29-g8ce449bc06 (webtiles) character file.

Game seed: 3065500667947568242, levelgen mode: deterministic

3539 Flugslaktarn the Cleaver (level 9, 0/82 HPs)
             Began as a Deep Dwarf Fighter on Nov 14, 2019.
             Was a Priest of Makhleb.
             Slain by Harold
             ... wielding a +0 glaive
              (12 damage)
             ... while paralysed by Maurice
             ... on level 8 of the Dungeon.
             The game lasted 00:03:06 (3969 turns).

Flugslaktarn the Cleaver (Deep Dwarf Fighter)       Turns: 3969, Time: 00:03:06

Health: 0/82       AC: 10    Str: 23    XL:     9   Next: 82%
Magic:  5/7        EV:  2    Int:  9    God:    Makhleb [***...]
Gold:   334        SH:  0    Dex: 12    Spells: 8/8 levels left

rFire    . . .     SeeInvis .   A - +2 hand axe (vamp)
rCold    . . .     Gourm    .   c - +0 shield
rNeg     . . .     Faith    .   b - +0 scale mail
rPois    .         Spirit   .   x - +0 helmet
rElec    .         Reflect  .   (no cloak)
rCorr    .         Harm     .   (no gloves)
MR       +....                  o - +0 pair of boots
Stlth    ..........             (no amulet)
HPRegen  0.00/turn              v - +3 ring of evasion
MPRegen  0.10/turn              (no ring)

@: paralysed, lethally poisoned (0 -> 0), marked, non-regenerating, lightly
drained
A: damage resistance, heal wounds, sense surroundings 2, no regeneration
a: Heal Wounds, Minor Destruction, Lesser Servant of Makhleb, Renounce Religion


You were on level 8 of the Dungeon.
You worshipped Makhleb.
Makhleb was most pleased with you.
You were not hungry.

You visited 2 branches of the dungeon, and saw 9 of its levels.

You collected 334 gold pieces.

Inventory:

Hand Weapons
 a - a +0 war axe
 A - a +2 vampiric hand axe (weapon)
   (You took it off an orc on level 7 of the Dungeon)
 B - a +2 hand axe of electrocution
   (You found it on level 7 of the Dungeon)
Armour
 b - a +0 scale mail (worn)
 c - a +0 shield (worn)
 o - a +0 pair of boots (worn)
   (You found it on level 5 of the Dungeon)
 x - a +0 helmet (worn)
   (You found it on level 6 of the Dungeon)
Jewellery
 r - an uncursed ring of positive energy {unknown}
   (You found it on level 5 of the Dungeon)
 v - a +3 ring of evasion (left hand)
   (You found it on level 4 of the Dungeon)
Wands
 p - a wand of acid (14)
   (You found it on level 5 of the Dungeon)
 y - a wand of enslavement (9)
   (You found it on level 7 of the Dungeon)
Scrolls
 g - 2 scrolls of magic mapping {unknown}
 j - 6 scrolls of identify {unknown}
 q - 2 scrolls of remove curse {unknown}
 t - a scroll of holy word {unknown}
 u - a scroll of blinking {unknown}
 w - 2 scrolls of teleportation {unknown}
 z - a scroll of amnesia {unknown}
Potions
 d - a potion of might
 f - 2 potions of brilliance {unknown}
 h - 3 potions of flight {unknown}
 i - 2 potions of haste {unknown}
 k - a potion of degeneration {unknown}
 l - 4 potions of curing {unknown}
 m - 2 potions of heal wounds
 s - a potion of cancellation {unknown}
Comestibles
 e - 17 rations
 n - 8 chunks of flesh


   Skills:
 + Level 5.9(5.4) Fighting
 * Level 9.3(8.8) Axes
 + Level 7.2(6.7) Armour
 + Level 7.1(6.6) Shields
 + Level 6.8(6.3) Invocations


You had 8 spell levels left.
You didn't know any spells.
Your spell library was empty.

Dungeon Overview and Level Annotations

Branches:
Dungeon (8/15)             Temple (1/1) D:4
   Lair: D:8-11

Altars:
Dithmenos
Elyvilon
Fedhas
Gozag
Hepliaklqana
Kikubaaqudgha
Makhleb
Okawaru
Ru
Sif Muna
Trog
Uskayaw
Vehumet
Wu Jian
Xom
Yredelemnul
Zin
The Shining One

Annotations:
D:8 Harold, Maurice, Psyche


Innate Abilities, Weirdness & Mutations

You are resistant to damage.
You can heal yourself by infusing magical energy.
You passively map the area around you.
You do not regenerate.


Message History

You are electrocuted!
* * * LOW HITPOINT WARNING * * *
The orc warrior hits you with a +0 dire flail.
* * * LOW HITPOINT WARNING * * *
You feel less confused.
Psyche casts a cantrip, but nothing happens.
The orc hits you but does no damage.
The black bear bites you but does no damage.
The black bear claws you but does no damage. x2
A wight comes into view. It is wielding a -2 dagger.
A wight comes into view.
It is wielding a +2 trident of freezing.
Psyche hits you with a +2 dagger of chaos.
Psyche freezes you.
The orc warrior hits you with a +0 dire flail!
* * * LOW HITPOINT WARNING * * *
Psyche says, "I'm so lonely.
Only corpses are my friends."
Psyche hits you with a +2 dagger of chaos.
You feel your power leaking away.
Harold hits you from afar with a +0 glaive!
You die...

, , ,,, , #..#.####.# , ,
zz...........#.#...).#.# ,
,.z...........#.####.#..#
,W............#..#.###### ,
,,,...r.........#.#.....#.#
.....$......#######.#..# ,
.o...o.l./.####...####.# *
* .....o.@o...........)...
,.....@o@............)(..
...##@h.....##.......(.. *
** , *#.....(?..##.......(P
*,* , #..........##...###.(
, #......!(.....### #.. , ,
, , ..........##..## #.. ,
...........##### #.. ,
...........# ### * #.. , ,
............*,....###..


You could see Harold, Maurice, Psyche, a phantom, an orc warrior, a black bear,
an iguana, 3 wights, an orc priest, an orc wizard, 2 orcs and a quokka.

Vanquished Creatures
  Prince Ribbit (D:5)
  Sigmund (D:5)
  A wyvern (D:5)
  Menkaure (D:5)
  3 ice beasts
  7 orc warriors
  3 phantoms
  2 ogres
  3 centaurs
  A bullfrog (D:5)
  2 scorpions
  A wight (D:5)
  A vampire bat (D:5)
  A centaur zombie (D:7)
  3 bullfrog skeletons
  6 hounds
  A jelly (D:5)
  2 orc priests
  8 orc wizards
  2 iguanas
  8 worker ants
  3 gnolls (D:6)
  8 adders
  A shadow imp (D:6)
  3 fire bats (D:5)
  2 leopard geckos
  18 orcs
  2 spectral bats (D:5)
  A bat simulacrum (D:5)
  3 bat skeletons (D:5)
  A bat zombie (D:5)
  3 goblins (D:1)
  2 hobgoblins
  8 jackals
  7 quokkas
  11 bats
  A frilled lizard (D:2)
  3 kobolds
  3 rats
138 creatures vanquished.

Vanquished Creatures (others)
  An orc wizard (D:7)
1 creature vanquished.

Grand Total: 139 creatures vanquished

Notes
Turn   | Place    | Note
-------+----------+-------------------------------------------
     0 | D:1      | Flugslaktarn the Deep Dwarf Fighter began the quest for the
                  | Orb.
     0 | D:1      | Reached XP level 1. HP: 20/20 MP: 1/1
   124 | D:2      | Reached XP level 2. HP: 18/27 MP: 2/2
   179 | D:3      | Found a bloodstained altar of Trog.
   265 | D:4      | Reached skill level 3 in Axes
   265 | D:4      | Reached XP level 3. HP: 14/34 MP: 3/3
   331 | D:4      | Reached XP level 4. HP: 23/42 MP: 3/3
   420 | D:4      | Reached skill level 4 in Axes
   420 | D:4      | Reached XP level 5. HP: 40/49 MP: 3/3
   445 | D:4      | Found a staircase to the Ecumenical Temple.
   530 | Temple   | Entered the Ecumenical Temple
   678 | Temple   | Became a worshipper of Makhleb the Destroyer
  1072 | D:4      | Noticed a phantom
  1097 | D:4      | Killed a phantom
  1097 | D:4      | Reached skill level 1 in Invocations
  1097 | D:4      | Reached XP level 6. HP: 49/56 MP: 3/3
  1256 | D:5      | Entered Level 5 of the Dungeon
  1256 | D:5      | Noticed Prince Ribbit
  1256 | D:5      | Noticed a wyvern
  1265 | D:5      | HP: 1/56 [Prince Ribbit (13)]
  1274 | D:5      | Killed a wyvern
  1274 | D:5      | Reached skill level 5 in Axes
  1279 | D:5      | Killed Prince Ribbit
  1279 | D:5      | Reached XP level 7. HP: 64/64 MP: 2/4
  1282 | D:5      | Reached skill level 5 in Armour
  1282 | D:5      | Reached skill level 5 in Shields
  1330 | D:5      | Reached skill level 6 in Axes
  1394 | D:5      | Noticed Sigmund
  1410 | D:5      | Killed Sigmund
  1431 | D:5      | Noticed Menkaure
  1439 | D:5      | Killed Menkaure
  1439 | D:5      | Reached XP level 8. HP: 27/73 MP: 5/5
  1507 | D:5      | Reached * piety under Makhleb
  1626 | D:5      | Reached skill level 7 in Axes
  1885 | D:5      | Found a sacrificial altar of Ru.
  1991 | D:5      | Reached ** piety under Makhleb
  1991 | D:5      | Reached skill level 5 in Invocations
  2027 | D:5      | Reached skill level 5 in Fighting
  2410 | D:6      | Gained mutation: You passively map the area around you.
                  | [Deep Dwarf growth]
  2410 | D:6      | Reached XP level 9. HP: 64/81 MP: 6/8
  2513 | D:6      | Reached skill level 8 in Axes
  3602 | D:7      | Reached skill level 9 in Axes
  3814 | D:8      | Reached *** piety under Makhleb
  3957 | D:8      | Noticed Harold
  3959 | D:8      | Noticed Psyche
  3960 | D:8      | Noticed Maurice
  3962 | D:8      | Paralysed by Maurice for 7 turns
  3969 | D:8      | Slain by Harold

Levels and vault maps discovered:
D:1:      scummos_arrival_simple_crosswalls, layout_loops_ring
D:2:      layout_basic, uniq_robin, uniq_natasha
D:3:      layout_basic, gammafunk_temple_overflow_forgotten, bloody_trog
D:4:      layout_loops_corners, minmay_temple_entry_waves, hex_large,
          corner_web_ring, minmay_misc_feat_tower, wad_rectangle_vault
D:5:      minmay_razor_zed, layout_cave_pools, nicolae_ru_awakened_eye,
          first_ration, goddamned_bats, uniq_menkaure, uniq_sigmund,
          uniq_prince_ribbit1
D:6:      layout_loops_corners, serial_co_window_serial, co_window_paths_a,
          co_window_of_opportunity_a, co_window_paths_a, co_window_cross_1,
          co_window_paths_a, co_window_broadway_a, co_window_of_opportunity_b,
          co_window_unsneaky_path_b, co_window_2corner, glass_columns_c,
          glass_columns_c, glass_columns_a, glass_columns_a
D:7:      layout_rooms
D:8:      minmay_angry_zag, layout_cave_pools, blue_anna_alchemist
          [blue_anna_fruit_fields, blue_anna_fruit_fields], uniq_pikel,
          uniq_psyche, uniq_maurice, uniq_harold
Temple:   eino_temple_scatter_basement

Skill      XL: |  1  2  3  4  5  6  7  8  9 |
---------------+----------------------------+-----
Fighting       | 3 4 5 |  5.9
Axes           | 3 4 5 6 7 9 |  9.3
Armour         | 4 5 6 7 |  7.2
Shields        | 4 5 6 7 |  7.1
Invocations    | 1 2 3 5 6 |  6.8

Action                   |  1- 3 |  4- 6 |  7- 9 || total
-------------------------+-------+-------+-------++-------
Melee: War axe           |    58 |    56 |   379 ||   493
       Hand axe          |       |       |    82 ||    82
 Abil: Heal Wounds       |     2 |     9 |    16 ||    27
  Use: Potion            |       |     1 |       ||     1
  Eat: Chunk             |       |       |    11 ||    11
Armor: Scale mail        |    27 |    25 |   165 ||   217
Dodge: Dodged            |    16 |    43 |   200 ||   259
Block: Shield            |    30 |    50 |   278 ||   358
